 Dungeon Crawl Stone Soup version 0.29-a0-334-gb41bcbb86e (webtiles) character file.

Game seed: 14512551285034917491

119 ImHallYall the Ducker (level 4, -2/37 HPs)
             Began as a Demigod Gladiator on Apr 13, 2022.
             Slain by a sky beast (6 damage)
             ... on level 3 of the Dungeon.
             The game lasted 00:03:41 (2556 turns).

ImHallYall the Ducker (Demigod Gladiator)           Turns: 2556, Time: 00:03:41

Health: -2/37      AC:  9    Str: 25    XL:     4   Next: 47%
Magic:  6/6        EV:  9    Int: 10    God:
Gold:   121        SH:  0    Dex: 15    Spells: 3/3 levels left

rFire   . . .      SeeInvis .   h - +4 short sword
rCold   . . .      Faith    .   (no shield)
rNeg    . . .      Spirit   .   n - +0 chain mail
rPois   .          Reflect  .   c - +0 helmet
rElec   .          Harm     .   (no cloak)
rCorr   .          Rampage  .   (no gloves)
Will    .....                   (no boots)
Stlth   ..........              (no amulet)
HPRegen 0.12/turn               l - +6 ring of strength
MPRegen 0.10/turn               (no ring)

@: lethally poisoned (-2 -> -6)
A: high MP 1, forlorn, divine attributes
a: no special abilities


You were on level 3 of the Dungeon.
You visited 1 branch of the dungeon, and saw 3 of its levels.

You collected 121 gold pieces.

Inventory:

Hand Weapons
 a - a +0 war axe
 h - a +4 short sword (weapon)
Missiles
 d - 3 throwing nets (quivered)
 e - 5 javelins
Armour
 b - a +0 leather armour
 c - a +0 helmet (worn)
 n - a +0 chain mail (worn)
Jewellery
 l - a +6 ring of strength (left hand)
Scrolls
 f - a scroll of noise
 g - a scroll of identify
Potions
 i - 2 potions of degeneration {unknown}
 j - a potion of curing
 k - a potion of flight {unknown}
 m - a potion of haste
 o - a potion of mutation {unknown}
 p - a potion of attraction {unknown}
 q - a potion of brilliance {unknown}


   Skills:
 + Level 2.5 Fighting
 + Level 1.5 Short Blades
 + Level 3.0 Axes
 + Level 1.7 Throwing
 + Level 1.3 Armour
 + Level 3.3 Dodging
 + Level 1.0 Stealth


You had 3 spell levels left.
You didn't know any spells.
Your spell library was empty.

Dungeon Overview and Level Annotations

Branches:
Dungeon (3/15)

Annotations:
D:3 Jessica


Innate Abilities, Weirdness & Mutations

You have an increased reservoir of magic. (+10% MP)
You shall have no god before yourself.
Your divine heritage dramatically boosts your attributes as you level up.


Message History

Deactivating autopickup; reactivate with Ctrl-A.
Something hits you but does no damage. Jessica hits you but does no damage.
You miss something.
The kobold throws a poisoned dart.
The poisoned dart hits you!
You are poisoned.
Something hits you but does no damage. Jessica hits you but does no damage.
You miss something.
You feel sick. Jessica casts a spell at you. You resist with some effort.
An orc comes into view. It is wielding a +0 whip.
The kobold throws a poisoned dart.
The poisoned dart hits you!
You are more poisoned.
A sky beast appears from thin air!
Reactivating autopickup.
The sky beast barely misses you.
Jessica mumbles some strange words.
Jessica blinks!
You feel very sick.
The sky beast hits you but does no damage.
You barely miss the sky beast.
You feel very sick. Jessica hits you but does no damage.
The sky beast hits you. The sky beast shocks you.
Jessica hits you but does no damage.
You hit the sky beast.
The sky beast is moderately wounded.
You feel sick. Jessica hits you with a +0 dagger.
* * * LOW HITPOINT WARNING * * *
The sky beast hits you but does no damage.
You hit the sky beast.
The sky beast is heavily wounded.
You feel sick. Jessica hits you but does no damage.
The sky beast barely misses you. Jessica gestures at you while chanting.
You resist with some effort.
You hit the sky beast.
The sky beast is severely wounded.
You feel sick. Jessica hits you but does no damage. The sky beast hits you.
* * * LOW HITPOINT WARNING * * *
The sky beast shocks you.
You die...

.# o. .# ..
#.#####
#.#...#
##o#.#.#
#5K@@#.#
......##Y..#
...## ##..# .
#..## # ##...#
#..### #..#..#
##...###.###.#
....@..$.....#
###..###.#####


You could see a sky beast, a white imp, Jessica (fast, poisoned), an orc and a
kobold.

Vanquished Creatures
  4 gnolls (D:2)
  2 adders (D:2)
  5 worms (D:2)
  3 dart slugs
  4 ball pythons
  4 endoplasms (D:1)
  2 giant cockroaches (D:1)
  3 goblins (D:1)
  3 hobgoblins
  4 bats
  A frilled lizard (D:1)
  6 kobolds
  4 rats
45 creatures vanquished.

Notes
Turn   | Place    | Note
-------+----------+-------------------------------------------
     0 | D:1      | ImHallYall the Demigod Gladiator began the quest for the
                  | Orb.
     0 | D:1      | Reached XP level 1. HP: 17/17 MP: 3/3
   451 | D:1      | Reached XP level 2. HP: 19/24 MP: 4/4
  1201 | D:2      | Reached XP level 3. HP: 21/29 MP: 5/5
  1964 | D:2      | Reached skill level 1 in Armour
  2043 | D:2      | Reached skill level 1 in Short Blades
  2043 | D:2      | Reached XP level 4. HP: 26/37 MP: 6/6
  2056 | D:2      | Reached skill level 1 in Stealth
  2535 | D:3      | Noticed Jessica
  2535 | D:3      | Noticed a sky beast
  2556 | D:3      | Slain by a sky beast

Illustrated notes

Levels and vault maps discovered:
D:1:      lightli_arrival_chessboard, layout_basic
D:2:      layout_basic, serial_curves, eino_curves_02, eino_curves_02,
          minmay_pentomino_r4
D:3:      layout_rooms, hellmonk_ecumenical_altar_run_dry,
          minmay_misc_feat_hallway, lemuel_flame_loot_1, uniq_natasha,
          uniq_jessica

Skill      XL: |  1  2  3  4 |
---------------+-------------+-----
Dodging        | 3 |  3.3
Fighting       | 2 |  2.5
Axes           | 3 |  3.0
Armour         | 1 |  1.3
Short Blades   | 1 |  1.5
Stealth        | 1 |  1.0
Throwing       | |  1.7

Action                   |  1- 3 |  4- 6 || total
-------------------------+-------+-------++-------
Melee: War axe           |    11 |       ||    11
       Short sword       |    86 |    38 ||   124
  Use: Scroll            |     2 |       ||     2
       Potion            |     2 |       ||     2
 Stab: Sleeping          |     3 |       ||     3
Armor: Leather armour    |     9 |       ||     9
       Chain mail        |    22 |    22 ||    44
Dodge: Dodged            |    35 |    13 ||    48

Table legend: (Time is in decaauts)
 A = Elapsed time spent in this place.
 B = Non-inter-level travel time spent in this place.
 C = Inter-level travel time spent in this place.
 D = Time resting spent in this place.
 E = Time spent auto-exploring this place.
 F = Levels seen in this place.
 G = Mean time per level.
                   A        B        C        D        E       F      G
               +--------+--------+--------+--------+--------+-----+--------+
         Total |   2547 |   2496 |     51 |    305 |   1588 |   3 |  849.0 |
       Dungeon |   2547 |   2496 |     51 |    305 |   1588 |   3 |  849.0 |
               +--------+--------+--------+--------+--------+-----+--------+

Top non-repeatable levels by time:
     D:2: 1388 daAuts
     D:1: 1109 daAuts
     D:3: 49 daAuts
